 Dungeon Crawl Stone Soup version 0.24.0-1-gfbc8707122 (webtiles) character file.

Game seed: 633678198065315485, levelgen mode: deterministic

157 Jannitor the Basher (level 5, -6/61 HPs)
             Began as a Human Chaos Knight on Oct 28, 2019.
             Was a Plaything of Xom.
             Killed by divine providence
             ... invoked by an orc priest
              (17 damage)
             ... on level 3 of the Dungeon.
             The game lasted 00:02:17 (1260 turns).

Jannitor the Basher (Human Chaos Knight)            Turns: 1260, Time: 00:02:18

Health: -6/61      AC: 22    Str: 14    XL:     5   Next: 66%
Magic:  5/5        EV:  2    Int: 12    God:    Xom [..*...]
Gold:   144        SH:  0    Dex: 12    Spells: 4/4 levels left

rFire    . . .     SeeInvis .   a - +0 mace (chaos)
rCold    . . .     Gourm    .   (no shield)
rNeg     + + +     Faith    .   (armour currently unavailable)
rPois    +         Spirit   .   (helmet currently unavailable)
rElec    .         Reflect  .   (cloak currently unavailable)
rCorr    .         Harm     .   (gloves currently unavailable)
MR       .....     NoTele   +   (boots currently unavailable)
Stlth    +.........             (no amulet)
HPRegen  0.20/turn              (no ring)
MPRegen  0.09/turn              (no ring)

@: tree-form
A: no striking features
a: Renounce Religion


You were on level 3 of the Dungeon.
You worshipped Xom.
You were a toy of Xom.
You were not hungry.
You were a tree.
You visited 1 branch of the dungeon, and saw 3 of its levels.

You collected 144 gold pieces.

Inventory:

Hand Weapons
 a - a +0 mace of chaos (weapon)
Armour
 b - a +2 leather armour (melded)
 l - a +1 pair of gloves (melded)
Scrolls
 e - a scroll of remove curse
Comestibles
 c - 4 rations
 j - 4 chunks of flesh


   Skills:
 + Level 3.5 Fighting
 + Level 11.0 Maces & Flails
 + Level 2.7 Armour
 + Level 2.0 Dodging


You had 4 spell levels left.
You didn't know any spells.
Your spell library was empty.

Dungeon Overview and Level Annotations

Branches:
Dungeon (3/15)

Altars:
Cheibriados


Message History

The orc priest looks encouraged for a moment.
You hit something. Something hits you but does no damage.
You swing at nothing.
Something hits you but does no damage.
You miss something. Something hits you but does no damage.
You swing at nothing.
You feel less confused. Something hits you but does no damage.
You hit something. You freeze something.
Reactivating autopickup.
Your Dodging skill increases to level 2!
You feel a bit more experienced.
You hit the orc. Lightning courses through the orc!
You kill the orc!
You swing at nothing.
You hit the orc priest.
The orc priest is lightly wounded.
The orc priest mumbles some strange prayers to Beogh against you.
Beogh smites you!
You die...
Xom guffaws!

**,**#.# *,* *,* #.# *,* ** *,*
#.# *,* ,* *,* #.########,* ,*
#,* #.........,*
,***####.###.########** #######
,,,,.........# #......
,,,,.........##############.#####
****####.###.ooo♣...............#
#,* #.#######........###.#
********,* #.######>..####### #..
,,,,,,,,,* #........#.# ###
********** ########...# #####


You could see 2 orc priests and an orc.

Vanquished Creatures
  An orc wizard (D:3)
  3 adders (D:2)
  An ooze (D:2)
  2 adder skeletons (D:2)
  A worm (D:2)
  3 dart slugs
  3 leopard geckos
  3 orcs (D:3)
  7 bats
  2 giant cockroaches
  4 goblins
  2 hobgoblins (D:1)
  8 kobolds
  5 frilled lizards
  3 giant cockroach zombies (D:2)
  2 rats
50 creatures vanquished.

Notes
Turn   | Place    | Note
-------+----------+-------------------------------------------
     0 | D:1      | Jannitor the Human Chaos Knight began the quest for the
                  | Orb.
     0 | D:1      | Reached XP level 1. HP: 18/18 MP: 1/1
    45 | D:1      | Reached XP level 2. HP: 24/24 MP: 2/2
   214 | D:1      | XOM: harmless Air miscast
   215 | D:1      | Reached XP level 3. HP: 29/29 MP: 3/3
   255 | D:1      | XOM: mild Conj miscast
   654 | D:2      | XOM: potion effect (experience)
   654 | D:2      | Reached skill level 10 in Maces & Flails
   654 | D:2      | Reached XP level 4. HP: 32/35 MP: 4/4
   810 | D:2      | Reached XP level 5. HP: 41/41 MP: 5/5
   836 | D:2      | Reached skill level 11 in Maces & Flails
   995 | D:3      | XOM: stealth player
  1050 | D:3      | XOM: silly message
  1099 | D:3      | XOM: divination: magic mapping
  1107 | D:3      | Found a snail-covered altar of Cheibriados.
  1250 | D:3      | XOM: silly message
  1260 | D:3      | Killed from afar by an orc priest

Levels and vault maps discovered:
D:1:      tarquinn_simple_flora_water_e, layout_rooms, serial_forest,
          infiniplex_forest_diagonal, infiniplex_forest_lined_corner,
          infiniplex_forest_straight_4, infiniplex_forest_clump_long
D:2:      layout_loops_ring, serial_undead, serial_undead_a, serial_undead_e,
          serial_undead_e, serial_undead_b
D:3:      layout_loops_ring, grunt_qazlal_clouds, kennysheep_slug_shrine,
          okawaru_altar_gauntlet_db, uniq_terence

Skill      XL: |  1  2  3  4  5 |
---------------+----------------+-----
Maces & Flails | 10 11 | 11.0
Dodging        | 2 |  2.0
Fighting       | |  3.5
Armour         | |  2.7

Action                   |  1- 3 |  4- 6 || total
-------------------------+-------+-------++-------
Melee: Mace              |    70 |    61 ||   131
  Use: Scroll            |       |     5 ||     5
       Potion            |       |     2 ||     2
 Stab: Petrified         |     2 |       ||     2
       Sleeping          |     1 |       ||     1
       Confused          |       |     3 ||     3
  Eat: Chunk             |       |     1 ||     1
Armor: Leather armour    |    36 |    10 ||    46
       Skin              |       |    13 ||    13
Dodge: Dodged            |    68 |    20 ||    88
